 Dungeon Crawl Stone Soup version 0.28.0-45-g0d030f2227 (webtiles) character file.

Game seed: 6716301186584093398

5705 pkoi the Zephyrmancer (level 10, -5/80 HPs)
             Began as a Demigod Air Elementalist on Apr 24, 2022.
             Slain by Snorg (17 damage)
             ... on level 10 of the Dungeon on Apr 25, 2022.
             The game lasted 00:20:49 (14882 turns).

pkoi the Zephyrmancer (Demigod Air Elementalist)   Turns: 14882, Time: 00:20:50

Health: -5/80      AC:  9    Str: 13    XL:     10   Next: 24%
Magic:  1/22       EV: 18    Int: 33    God:
Gold:   596        SH:  0    Dex: 16    Spells: 4/21 levels left

rFire   . . .      SeeInvis .   q - +2 broad axe (flame)
rCold   . . .      Faith    .   (no shield)
rNeg    . . .      Spirit   .   i - +4 robe of Augmentation {Str+4 Int+4 Dex+4}
rPois   .          Reflect  .   K - +0 helmet
rElec   .          Harm     .   y - +0 cloak
rCorr   .          Rampage  .   (no gloves)
Will    +....                   l - +0 pair of boots
Stlth   +++.......              (no amulet)
HPRegen 0.23/turn               A - +4 ring of evasion
MPRegen 0.18/turn               (no ring)

@: studying Stealth
A: high MP 1, forlorn, divine attributes, hooves 1, clumsy 1
a: no special abilities


You were on level 10 of the Dungeon.
You visited 2 branches of the dungeon, and saw 11 of its levels.
You also visited: Sewer.

You collected 596 gold pieces.

Inventory:

Hand Weapons
 c - a +0 dagger of draining
 g - a +0 rapier
 q - a +2 broad axe of flaming (weapon)
 B - a +0 short sword of venom
 J - a +3 dagger
Missiles
 r - 5 datura-tipped darts
Armour
 i - the +4 robe of Augmentation (worn) {Str+4 Int+4 Dex+4}
   (You took it off a gnoll on level 10 of the Dungeon)

   Str:       It affects your strength (+4).
   Int:       It affects your intelligence (+4).
   Dex:       It affects your dexterity (+4).
 l - a +0 pair of boots (worn)
 w - an orb of light
 y - a +0 cloak (worn)
 E - a +2 robe of positive energy
 K - a +0 helmet (worn)
Magical Staves
 e - a staff of death
 t - a staff of cold
Jewellery
 A - a +4 ring of evasion (left hand)
Wands
 h - a wand of polymorph (21)
 s - a wand of mindburst (12)
 F - a wand of acid (13)
 G - a wand of digging (7)
 H - a wand of flame (14)
Scrolls
 a - a scroll of summoning
 j - 2 scrolls of fog
 k - a scroll of teleportation
 n - 2 scrolls of blinking
 p - 3 scrolls of fear
 x - 2 scrolls of brand weapon
 z - a scroll of enchant weapon
 I - a scroll of amnesia
Potions
 b - a potion of curing
 d - 3 potions of invisibility
 f - 2 potions of berserk rage
 m - a potion of flight
 o - a potion of resistance
 u - a potion of brilliance
 v - 6 potions of heal wounds
 C - a potion of lignification {unknown}
 D - a potion of haste


   Skills:
 + Level 4.6 Fighting
 + Level 5.0 Dodging
 + Level 4.6 Stealth
 - Level 3.6 Unarmed Combat
 - Level 6.0 Spellcasting
 - Level 0.8 Conjurations
 + Level 2.4 Translocations
 + Level 4.4 Ice Magic
 + Level 8.9 Air Magic


You had 4 spell levels left.
You knew the following spells:

 Your Spells              Type           Power      Damage    Failure   Level
a - Shock                 Conj/Air       100%       1d9       1%          1
b - Static Discharge      Conj/Air       42%        N/A       1%          2
c - Swiftness             Air            62%        N/A       1%          3
d - Airstrike             Air            31%        N/A       1%          4
e - Blink                 Tloc           50%        N/A       2%          2
f - Ozocubu's Armour      Ice            39%        N/A       1%          3
g - Poisonous Vapours     Pois/Air       78%        N/A       1%          2

Your spell library contained the following spells:

 Spells                   Type           Power      Damage    Failure   Level
 Sting                    Tmut/Pois      36%        1d4       4%          1
 Lesser Beckoning         Tloc           25%        N/A       4%          3
 Portal Projectile        Hex/Tloc       34%        N/A       8%          3
 Inner Flame              Hex/Fire       9%         N/A       13%         3
 Olgreb's Toxic Radiance  Pois           9%         N/A       38%         4
 Manifold Assault         Tloc           25%        N/A       41%         5
 Irradiate                Conj/Tmut      6%         3d15      69%         5
 Ozocubu's Refrigeration  Ice            19%        4d8       99%         7
 Discord                  Hex            4%         N/A       100%        8


Dungeon Overview and Level Annotations

Branches:
Dungeon (10/15)            Temple (1/1) D:4           Sewer (visited)
   Lair: D:8-11         Orc: D:9-12

Annotations:
D:10 Snorg


Innate Abilities, Weirdness & Mutations

You have an increased reservoir of magic. (+10% MP)
You shall have no god before yourself.
Your divine heritage dramatically boosts your attributes as you level up.
You have large cloven feet.
You are clumsy. (Dex -2)


Message History

Aim: Snorg (moderately wounded, berserk, very poisoned, empty space bonus: 7/8)
The air twists around and strikes Snorg!!
Snorg is moderately wounded.
Snorg barely misses you. x2; Snorg claws you!!
* * * LOW HITPOINT WARNING * * *
Snorg barely misses you. Snorg claws you.
* * * LOW HITPOINT WARNING * * *
Snorg claws you!
* * * LOW HITPOINT WARNING * * *
Aiming: Airstrike (mildly dangerous; 1% risk of failure)
Press: ? - help, Q - select action, (/) - cycle Dir - move target, f/p - Snorg
Aim: Snorg (moderately wounded, berserk, very poisoned, empty space bonus: 7/8)
The air twists around and strikes Snorg!!
Snorg is heavily wounded.
Snorg bites you!
* * * LOW HITPOINT WARNING * * *
Snorg barely misses you. Snorg misses you.
Aiming: Airstrike (mildly dangerous; 1% risk of failure)
Press: ? - help, Q - select action, (/) - cycle Dir - move target, f/p - Snorg
Aim: Snorg (heavily wounded, berserk, very poisoned, empty space bonus: 7/8)
The air twists around and strikes Snorg!
Snorg is heavily wounded.
Snorg completely misses you. Snorg misses you. Snorg closely misses you.
Snorg barely misses you. Snorg claws you but does no damage. x2
Unknown command.
Aiming: Airstrike (mildly dangerous; 1% risk of failure)
Press: ? - help, Q - select action, (/) - cycle Dir - move target, f/p - Snorg
Aim: Snorg (heavily wounded, berserk, very poisoned, empty space bonus: 7/8)
The air twists around and strikes Snorg!!
Snorg is severely wounded.
Snorg closely misses you. Snorg claws you!
* * * LOW HITPOINT WARNING * * *
Snorg misses you.
Aiming: Corrosive Bolt
Press: ? - help, Shift-Dir - straight line, f/p - Snorg
Aim: Snorg (severely wounded, berserk, poisoned, 71% to hit)
The bolt of acid hits Snorg!
The acid corrodes Snorg!
Snorg is severely wounded.
Snorg bites you!
You die...

##.# #.....#.... ##..#
#.....##._. #...# #......#...
##..# #......##'# ##..##
##..........
#....#########....##.....
##................####....
#..........##.)....##..##.
#.......T@..###.........#.
#...................#.....
###'##'##'###....)..........
#.....#.....#.......##......
#.....#.....#..#...####.....
#.'##'##'##'##(..#..#####.....
#.#..#.....#..#...#.<..)......
...#..#'###'#..#..###..........
#..
#..#.....#..#..###..).......


You could see Snorg (berserk, poisoned, corroded).

Vanquished Creatures
  An unseen horror (D:10)
  Psyche (D:8)
  2 trolls
  A slime creature (D:10)
  A wyvern (D:9)
  A shadow (D:10)
  A wraith (D:10)
  3 yaks (D:7)
  Grum (D:8)
  A steam dragon (D:9)
  2 water moccasins
  3 orc warriors
  A necrophage (D:5)
  3 ogres
  4 wolves (D:8)
  5 centaurs
  A phantom (D:7)
  2 kobold brigands
  2 bullfrogs
  A gnoll sergeant (D:10)
  2 scorpions
  5 killer bees (D:8)
  5 wights (D:9)
  3 howler monkeys
  5 centaur zombies
  2 jellies
  A hound (D:5)
  An orc priest (D:6)
  Crazy Yiuf (D:7)
  4 iguanas
  3 orc wizards
  3 howler monkey zombies
  Robin (D:2)
  A howler monkey skeleton (D:5)
  5 gnolls
  9 adders
  A white imp (D:6)
  An adder zombie (D:5)
  An adder skeleton (D:5)
  A worm (D:2)
  2 dart slugs
  8 orcs
  A bat (D:1)
  12 endoplasms
  8 giant cockroaches
  12 goblins
  8 hobgoblins
  7 jackals
  10 kobolds
  6 quokkas
  9 ball pythons
  5 frilled lizards
  8 rats
188 creatures vanquished.

Vanquished Creatures (collateral kills)
  A hobgoblin (D:2)
  A frilled lizard (D:2)
  A kobold (D:2)
3 creatures vanquished.

Vanquished Creatures (others)
  12 plants (D:1)
12 creatures vanquished.

Grand Total: 203 creatures vanquished

Notes
Turn   | Place    | Note
-------+----------+-------------------------------------------
     0 | D:1      | pkoi the Demigod Air Elementalist began the quest for the
                  | Orb.
     0 | D:1      | Reached XP level 1. HP: 14/14 MP: 5/5
   280 | D:1      | Reached skill level 3 in Air Magic
   602 | D:1      | Reached XP level 2. HP: 20/20 MP: 0/7
  1984 | D:2      | Reached XP level 3. HP: 26/26 MP: 4/8
  2026 | D:2      | Reached skill level 4 in Air Magic
  2063 | D:2      | Noticed Robin
  2234 | D:2      | Killed Robin
  2270 | D:2      | Learned a level 2 spell: Static Discharge
  3094 | D:3      | Reached XP level 4. HP: 33/33 MP: 7/9
  3870 | D:4      | Reached skill level 5 in Air Magic
  3870 | D:4      | Reached XP level 5. HP: 31/38 MP: 3/11
  4022 | D:4      | Noticed an ogre
  4037 | D:4      | Killed an ogre
  4160 | D:4      | Found a staircase to the Ecumenical Temple.
  4181 | D:4      | Found a glowing drain.
  4194 | Sewer    | Entered a sewer
  4336 | Sewer    | Learned a level 3 spell: Swiftness
  4341 | Sewer    | Learned a level 4 spell: Airstrike
  4807 | Sewer    | Reached XP level 6. HP: 36/45 MP: 8/14
  5448 | Temple   | Entered the Ecumenical Temple
  5565 | D:5      | Entered Level 5 of the Dungeon
  6218 | D:5      | Reached skill level 6 in Air Magic
  6382 | D:5      | Reached XP level 7. HP: 50/50 MP: 8/16
  6436 | D:5      | Gained mutation: You are clumsy. (Dex -2) [potion of
                  | mutation]
  6436 | D:5      | Gained mutation: You have large cloven feet. [potion of
                  | mutation]
  6863 | D:6      | Reached skill level 5 in Spellcasting
  6863 | D:6      | Reached skill level 7 in Air Magic
  7415 | D:6      | Reached XP level 8. HP: 49/57 MP: 11/20
  7604 | D:6      | Learned a level 2 spell: Blink
  7608 | D:6      | Learned a level 3 spell: Ozocubu's Armour
  8023 | D:6      | Learned a level 2 spell: Poisonous Vapours
  8337 | D:7      | Reached skill level 1 in Unarmed Combat
  8337 | D:7      | Reached skill level 1 in Ice Magic
  8381 | D:7      | Reached skill level 1 in Fighting
  8426 | D:7      | Got the Reference Book on Enchanting Transmutation
  9427 | D:7      | Found a runed translucent door.
  9428 | D:7      | Noticed Crazy Yiuf
  9435 | D:7      | Killed Crazy Yiuf
  9712 | D:8      | Noticed Psyche
  9726 | D:8      | Killed Psyche
  9727 | D:8      | Reached skill level 8 in Air Magic
  9952 | D:7      | Reached XP level 9. HP: 68/68 MP: 17/21
 10115 | D:8      | Noticed Grum
 10135 | D:8      | Killed Grum
 12267 | D:9      | Reached skill level 1 in Translocations
 13369 | D:10     | Entered Level 10 of the Dungeon
 13489 | D:10     | Noticed an unseen horror
 13492 | D:10     | Killed an unseen horror
 13493 | D:10     | Reached XP level 10. HP: 79/79 MP: 9/22
 14231 | D:10     | Noticed a +0 short sword
 14231 | D:10     | Noticed a +0 dagger
 14492 | D:10     | Reached skill level 5 in Dodging
 14864 | D:10     | Noticed Snorg
 14882 | D:10     | Slain by Snorg

Illustrated notes

Levels and vault maps discovered:
D:1:      denvon_arrival_planthouse, layout_basic,
          hellmonk_ecumenical_altar_pennies_from_heaven, grunt_decor_junction,
          nicolae_concentric_dashed_squares_mild
D:2:      layout_loops_cross, minmay_tetromino_s4, uniq_robin
D:3:      layout_rooms, mainiacjoe_overflow_alcove_1
D:4:      layout_basic, mainiacjoe_overflow_concentric_impassable,
          minmay_temple_entry_grid, portal_sewer_entry_b,
          hangedman_decor_clover_reticule
D:5:      layout_basic, nicolae_ru_awakened_eye,
          nicolae_hepliaklqana_hippocampus, minmay_circle_x
D:6:      layout_basic, kennysheep_nub
D:7:      layout_loops_corners, chequers_garden, chequers_serial_rivers_micro_c,
          uniq_crazy_yiuf_cottage
D:8:      layout_loops_ring, uniq_grum, uniq_psyche
D:9:      layout_loops_cross, general_overflow_altar, fedhas_altar_fruit_tree
D:10:     layout_cave_pools, lightli_temple_of_fire, nicolae_uskayaw_en_pointe,
          mainiacjoe_overflow_24_doors, st_stairs_13, uniq_maurice, uniq_joseph,
          uniq_snorg
Temple:   cyrus_circular_temple

Skill      XL: |  1  2  3  4  5  6  7  8  9 10 |
---------------+-------------------------------+-----
Air Magic      | 3 4 5 6 7 8 |  8.9
Spellcasting   | 2 3 4 5 6 |  6.0
Dodging        | 3 4 5 |  5.0
Unarmed Combat | 2 3 |  3.6
Ice Magic      | 2 4 |  4.4
Fighting       | 2 4 |  4.6
Stealth        | 3 4 |  4.6
Translocations | 1 2 |  2.4
Conjurations   | |  0.8

Action                   |  1- 3 |  4- 6 |  7- 9 | 10-12 || total
-------------------------+-------+-------+-------+-------++-------
Melee: Dagger            |    27 |       |       |       ||    27
       Unarmed           |    11 |       |       |       ||    11
       Broad axe         |       |     6 |    21 |       ||    27
 Cast: Shock             |    96 |   142 |   216 |       ||   454
       Static Discharge  |       |       |     6 |       ||     6
       Poisonous Vapours |       |       |    50 |     2 ||    52
       Airstrike         |       |       |     5 |    37 ||    42
Evoke: Wand              |       |       |       |     1 ||     1
  Use: Scroll            |     2 |     7 |     6 |     1 ||    16
       Potion            |       |       |    10 |       ||    10
 Stab: Sleeping          |     1 |     1 |       |       ||     2
Armor: Robe              |     6 |       |    13 |     3 ||    22
       Skin              |     3 |       |       |       ||     3
       Animal skin       |       |     7 |    22 |       ||    29
Dodge: Dodged            |    35 |    28 |   127 |    25 ||   215
